 Dungeon Crawl Stone Soup version 0.19-a0-1654-g9d3f708 (webtiles) character file.

23394 st0uf the Thaumaturge (level 12, -3/68 HPs)
             Began as a Deep Elf Summoner on Sept 18, 2016.
             Was a High Priest of Vehumet.
             Killed from afar by a deep elf mage (24 damage)
             ... with a lance of force
             ... on level 1 of the Elven Halls on Sept 20, 2016.
             The game lasted 03:11:19 (18855 turns).

st0uf the Thaumaturge (Deep Elf Summoner)          Turns: 18855, Time: 03:11:19

Health: -3/68      AC:  8    Str:  5    XL:     12   Next: 71%
Magic:  11/32      EV: 17    Int: 26    God:    Vehumet [*****.]
Gold:   857        SH:  0    Dex: 15    Spells: 10 memorised, 3 levels left

rFire  . . .     SeeInvis .     x - staff of poison
rCold  . . .     Gourm    .     m - +2 robe {MR+}
rNeg   . . .     Faith    .     (no shield)
rPois  +         Spirit   .     s - +2 helmet
rElec  .         Dismiss  .     (no cloak)
rCorr  .         Reflect  .     u - +0 pair of gloves
MR     ++...     Harm     .     (no boots)
Stlth  ++........               O - amulet of magic regeneration
                                (no ring)
                                (no ring)

@: no status effects
A: no striking features
a: Renounce Religion


You were on level 1 of the Elven Halls.
You worshipped Vehumet.
Vehumet was extremely pleased with you.
You were not hungry.

You visited 5 branches of the dungeon, and saw 19 of its levels.

You collected 1606 gold pieces.
You spent 749 gold pieces at shops.

Inventory:

Armour
 m - a +2 robe of magic resistance (worn)
 s - a +2 helmet (worn)
 u - a +0 pair of gloves (worn)
 E - a +0 shield
Magical Staves
 x - an uncursed staff of poison (weapon)
 D - an uncursed staff of death
Rods
 P - a +1 rod of inaccuracy (12/12)
   (You found it on level 3 of the Lair of Beasts)
Jewellery
 l - an uncursed ring of protection from fire
 L - an uncursed amulet of the gourmand
 M - a +4 amulet of reflection
 O - an amulet of magic regeneration (around neck)
Wands
 r - a wand of slowing (30/48)
 J - a wand of iceblast (5/15)
 K - a wand of flame (27/48)
 V - a wand of acid (9/15)
 W - a wand of acid (9/15)
Scrolls
 a - a scroll of silence {unknown}
 o - 9 scrolls of teleportation
 t - 11 scrolls of identify
 z - 3 scrolls of remove curse
 A - 2 scrolls of blinking
 G - a scroll of fear {unknown}
 Q - a scroll of brand weapon {unknown}
 S - a scroll of magic mapping
 T - a scroll of fog
 X - a scroll of holy word {unknown}
 Y - a scroll of acquirement {unknown}
 Z - a scroll of amnesia
Potions
 d - 7 potions of brilliance
 e - 12 potions of curing
 i - 5 potions of heal wounds
 k - a potion of magic {unknown}
 n - 3 potions of ambrosia {unknown}
 p - a potion of beneficial mutation {unknown}
 q - a potion of agility {unknown}
 v - a potion of might {unknown}
 w - 2 potions of berserk rage {unknown}
 I - 2 potions of resistance {unknown}
 R - 3 potions of degeneration {unknown}
 U - 3 potions of flight {unknown}
Books
 b - a book of Callings

   Spells                             Type                      Level
   a - Summon Small Mammal            Summoning                    1
   b - Call Imp                       Summoning                    2
   c - Call Canine Familiar           Summoning                    3
   d - Summon Guardian Golem          Hexes/Summoning              3
   e - Summon Lightning Spire         Summoning/Air                4
   f - Summon Ice Beast               Ice/Summoning                4
 j - a book of Unlife

   Spells                             Type                      Level
   a - Recall                         Summoning/Translocation      3
   b - Animate Dead                   Necromancy                   4
   c - Control Undead                 Necromancy                   4
   d - Cigotuvi's Embrace             Necromancy                   5
   e - Death Channel                  Necromancy                   6
   f - Simulacrum                     Ice/Necromancy               6
 y - a book of Minor Magic

   Spells                             Type                      Level
   a - Magic Dart                     Conjuration                  1
   b - Blink                          Translocation                2
   c - Call Imp                       Summoning                    2
   d - Repel Missiles                 Charms/Air                   2
   e - Slow                           Hexes                        2
   f - Conjure Flame                  Conjuration/Fire             3
   g - Mephitic Cloud                 Conjuration/Poison/Air       3
 B - a book of Dreams

   Spells                             Type                      Level
   a - Ensorcelled Hibernation        Hexes/Ice                    2
   b - Silence                        Hexes/Air                    5
   c - Darkness                       Hexes                        6
   d - Shadow Creatures               Summoning                    6
 C - a book of the Dragon

   Spells                             Type                      Level
   a - Flame Tongue                   Conjuration/Fire             1
   b - Cause Fear                     Hexes                        4
   c - Bolt of Fire                   Conjuration/Fire             6
   d - Dragon Form                    Transmutation                7
   e - Dragon's Call                  Summoning                    9
 N - a book of Alchemy

   Spells                             Type                      Level
   a - Sublimation of Blood           Necromancy                   2
   b - Ignite Poison                  Fire/Transmutation/Poison    3
   c - Petrify                        Transmutation/Earth          4
   d - Alistair's Intoxication        Transmutation/Poison         5
   e - Irradiate                      Conjuration/Transmutation    5
Comestibles
 c - 12 bread rations
 f - 4 chunks of flesh
 g - 7 meat rations
 h - 21 fruits
 F - 8 beef jerkies
 H - 2 slices of pizza


   Skills:
 + Level 5.3 Fighting
 + Level 6.2 Staves
 + Level 8.3 Dodging
 - Level 2.4 Stealth
 + Level 5.0 Shields
 * Level 14.5 Spellcasting
 + Level 0.4 Conjurations
 + Level 9.7 Summonings
 + Level 8.1 Fire Magic
 + Level 7.6 Air Magic


You had 3 spell levels left.
You knew the following spells:

 Your Spells              Type           Power        Failure   Level  Hunger
b - Call Imp              Summ           ######..     1%          2    None
c - Call Canine Familiar  Summ           ######..     1%          3    None
d - Summon Guardian Gole  Hex/Summ       #####...     1%          3    None
e - Summon Lightning Spi  Summ/Air       ######..     1%          4    None
f - Throw Flame           Conj/Fire      #####.       1%          2    None
g - Spellforged Servitor  Conj/Summ      #####.....   86%         7    ######.
h - Shadow Creatures      Summ           N/A          12%         6    ####...
i - Recall                Summ/Tloc      N/A          1%          3    None
j - Mephitic Cloud        Conj/Pois/Air  #####...     1%          3    None
k - Summon Ice Beast      Ice/Summ       #####...     4%          4    None


Dungeon Overview and Level Annotations

Branches:
Dungeon (9/15)             Temple (1/1) D:4            Lair (6/6) D:8
  Swamp (0/4) Lair:3       Spider (0/4) Lair:4        Slime (0/5) Lair:5
    Orc (2/2) D:9             Elf (1/3) Orc:2

Altars:
Ashenzari
Cheibriados
Dithmenos
Elyvilon
Fedhas
Gozag
Hepliaklqana
Kikubaaqudgha
Makhleb
Nemelex Xobeh
Okawaru
Qazlal
Ru
Sif Muna
Trog
Uskayaw
Vehumet
Xom
Yredelemnul
Zin
The Shining One
Beogh
Jiyva

Shops:
D:5 **!!   D:9 %   Orc:1 *   Orc:2 %*

Annotations:
Lair:4 exclusion: downstairs
Orc:2 Saint Roka


Message History

The fire elemental hits your guardian golem.
The fire elemental burns your guardian golem!
Your guardian golem resists.
The deep elf mage points at you and mumbles some strange words.
The bolt of fire hits your guardian golem.
Your guardian golem resists.
The bolt of fire hits your ice beast.
Your ice beast melts!
The bolt of fire hits you!
Ouch! That really hurt!
Your guardian golem is destroyed!
Your wolf barely misses the deep elf mage.
Your ice beast hits the deep elf mage.
Your ice beast freezes the deep elf mage!
Some of the chunks of flesh in your inventory have rotted away.
You swap places.
Your wolf bites the deep elf mage.
The deep elf mage barely misses your ice beast.
The deep elf mage gestures at you while chanting.
The lance of force hits you!
You die...

#.....#..#.#
...........##
............#
............#
..........*.#
.........Ye.#
......h)8...#
......eY.Y..#
.....§§§E.@.#
.......######
......#
##...# .###.
.... ..##


You could see 2 deep elf magi, a fire elemental, a battlesphere, 3 friendly ice
beasts, a friendly wolf and a friendly lightning spire.

Vanquished Creatures
  A goblin (D:3)
  A jackal (D:1)
  A bat (D:1)
  A rat (D:1)
4 creatures vanquished.

Vanquished Creatures (collateral kills)
  Harold (Lair:3)
  4 hydras
  A catoblepas (Lair:4)
  6 death yaks
  14 spriggans (Lair:6)
  A fire crab (Lair:5)
  Pikel (D:4)
  A deep elf mage (Elf:1)
  2 orc sorcerers (Orc:2)
  An orb spider (Lair:4)
  Joseph (D:8)
  3 black mambas
  10 spiny frogs
  3 komodo dragons
  3 rime drakes (Lair:6)
  4 polar bears (Lair:6)
  A troll (Orc:2)
  9 hippogriffs
  10 blink frogs
  17 dream sheep
  Sigmund (D:3)
  The ghost of crawlian the Firebug, an amateur DEFE of Vehumet (D:6)
  25 yaks
  5 basilisks
  A hungry ghost (D:7)
  5 wargs
  4 swamp worms (Lair:3)
  The ghost of crawlian the Firebug, an amateur DEFE (D:5)
  14 water moccasins
  5 porcupines
  3 sky beasts
  4 black bears (Lair:6)
  27 orc warriors
  2 ice beasts
  2 wasps (Lair:6)
  2 eyes of draining
  A necrophage (D:8)
  A slave (D:4)
  11 ogres
  4 boggarts (Lair:6)
  21 wolves
  3 centaurs
  3 crocodiles
  A big kobold (D:9)
  12 bullfrogs
  A wyvern zombie (D:9)
  3 scorpions
  9 killer bees
  An electric eel (D:9)
  A crimson imp (D:6)
  A centaur zombie (D:5)
  A lava snake (D:7)
  A quasit (D:9)
  19 orc priests
  A centaur skeleton (D:4)
  4 hounds
  29 orc wizards
  A jelly (D:8)
  A bullfrog skeleton (D:8)
  Natasha (thrice) (D:4)
  Terence (D:3)
  10 iguanas
  2 worker ants
  A worker ant zombie (D:7)
  Robin (D:3)
  5 gnolls
  5 adders
  70 river rats
  A shadow imp (D:8)
  An ooze (D:4)
  An adder skeleton (D:4)
  3 worms
  5 leopard geckos
  82 orcs
  4 giant cockroaches
  10 goblins
  4 hobgoblins
  A jackal (D:1)
  2 quokkas
  A ball python (D:6)
  5 bats
  3 frilled lizards
  A jackal skeleton (D:6)
  12 kobolds
  A leopard gecko zombie (D:5)
  2 quokka skeletons
  8 rats
  3 fungi
  2 plants (Lair:6)
575 creatures vanquished.

Vanquished Creatures (others)
  The ghost of Rationalist the Basher, a novice MiGl of Trog (D:8)
  2 death yaks
  A wizard (D:5)
  2 yaks (Lair:2)
  6 fungi
  3 plants
15 creatures vanquished.

Grand Total: 594 creatures vanquished

Notes
Turn   | Place    | Note
-------+----------+-------------------------------------------
     0 | D:1      | st0uf the Deep Elf Summoner began the quest for the Orb.
     0 | D:1      | Reached XP level 1. HP: 10/10 MP: 6/6
   630 | D:1      | Reached XP level 2. HP: 14/15 MP: 6/8
  1275 | D:2      | Reached skill level 4 in Spellcasting
  1296 | D:2      | Found a shimmering altar of Xom.
  1296 | D:2      | Found a shimmering altar of Xom.
  1341 | D:2      | Found a shimmering altar of Xom.
  1343 | D:2      | Found a shimmering altar of Xom.
  1346 | D:2      | Found a shimmering altar of Xom.
  1346 | D:2      | Found a shimmering altar of Xom.
  1348 | D:2      | Found a shimmering altar of Xom.
  1353 | D:2      | You fall through a shaft for 2 floors!
  1354 | D:4      | Found a staircase to the Ecumenical Temple.
  1360 | D:4      | Learned a level 2 spell: Call Imp
  1375 | D:4      | Reached XP level 3. HP: 19/19 MP: 3/10
  1389 | Temple   | Entered the Ecumenical Temple
  1462 | Temple   | Became a worshipper of Vehumet
  1486 | D:4      | Noticed Blork the orc
  1508 | D:4      | Reached skill level 5 in Spellcasting
  1511 | D:4      | Reached skill level 5 in Summonings
  1543 | D:3      | Noticed Terence
  1554 | D:3      | Killed Terence
  1554 | D:3      | Reached XP level 4. HP: 16/24 MP: 4/13
  1650 | D:3      | Noticed Sigmund
  1678 | D:3      | Killed Sigmund
  1678 | D:3      | Reached skill level 6 in Spellcasting
  1678 | D:3      | Reached XP level 5. HP: 28/28 MP: 8/15
  1712 | D:3      | Learned a level 3 spell: Call Canine Familiar
  1716 | D:3      | Learned a level 3 spell: Summon Guardian Golem
  2132 | D:2      | Learned a level 4 spell: Summon Lightning Spire
  2589 | D:3      | Reached * piety under Vehumet
  2589 | D:3      | Offered knowledge of Sandblast by Vehumet.
  2809 | D:3      | Found a snail-covered altar of Cheibriados.
  2895 | D:3      | Noticed Robin
  2914 | D:3      | Killed Robin
  3181 | D:4      | Offered knowledge of Throw Flame by Vehumet.
  3185 | D:4      | Learned a level 2 spell: Throw Flame
  3185 | D:4      | Reached ** piety under Vehumet
  3384 | D:4      | Noticed Natasha
  3391 | D:4      | Killed Natasha
  3401 | D:4      | Noticed Natasha
  3407 | D:4      | Killed Natasha
  3407 | D:4      | Reached skill level 1 in Air Magic
  3407 | D:4      | Reached XP level 6. HP: 32/32 MP: 12/17
  3482 | D:4      | Reached skill level 1 in Fire Magic
  3530 | D:4      | Noticed Natasha
  3534 | D:4      | Killed Natasha
  3534 | D:4      | Reached skill level 7 in Spellcasting
  3583 | D:4      | Noticed a slave
  3583 | D:4      | Noticed a slave
  3629 | D:4      | Noticed a slave
  3647 | D:4      | Killed a slave
  3665 | D:4      | Noticed Pikel
  3677 | D:4      | Noticed a slave
  3695 | D:4      | Killed Pikel
  3695 | D:4      | Reached XP level 7. HP: 36/36 MP: 14/20
  3784 | D:4      | Reached skill level 8 in Spellcasting
  3815 | D:5      | Entered Level 5 of the Dungeon
  3816 | D:5      | Found Yruceff's Distillery.
  3823 | D:5      | Bought a potion of brilliance for 40 gold pieces
  3823 | D:5      | Bought a potion of curing for 30 gold pieces
  3823 | D:5      | Bought a potion of heal wounds for 50 gold pieces
  3823 | D:5      | Bought a potion of mutation for 25 gold pieces
  3823 | D:5      | Bought a potion of lignification for 30 gold pieces
  3896 | D:5      | Found a white marble altar of Elyvilon.
  4075 | D:5      | Found Laobrist's General Store.
  4101 | D:5      | Noticed crawlian's ghost (amateur DEFE)
  4123 | D:5      | Killed crawlian's ghost
  4375 | D:5      | Offered knowledge of Static Discharge by Vehumet.
  4472 | D:5      | Found Gatac's Assorted Antiques.
  4493 | D:5      | Bought a scroll labeled AGEFFI BERASSAWUL for 26 gold pieces
  4553 | D:5      | Found Reih's Distillery.
  4823 | D:5      | Found a bloodstained altar of Trog.
  4881 | D:6      | Noticed crawlian's ghost (amateur DEFE)
  4996 | D:6      | Killed crawlian's ghost
  5125 | D:6      | Reached skill level 9 in Spellcasting
  5151 | D:6      | Reached XP level 8. HP: 41/41 MP: 15/23
  5369 | D:6      | Reached *** piety under Vehumet
  5826 | D:6      | Reached skill level 1 in Fighting
  6172 | D:7      | Found an opulent altar of Gozag.
  6326 | D:5      | Bought a +0 shield for 54 gold pieces
  6355 | D:5      | Found a deep blue altar of Sif Muna.
  6368 | D:5      | Noticed a wizard
  6371 | D:5      | Killed a wizard
  6477 | D:7      | Found a stormy altar of Qazlal.
  6482 | D:7      | Found a snail-covered altar of Cheibriados.
  6510 | D:7      | Offered knowledge of Conjure Flame by Vehumet.
  6920 | D:7      | Reached skill level 1 in Staves
  6976 | D:8      | Noticed Joseph
  7079 | D:8      | Noticed Rationalist's ghost (novice MiGl)
  7104 | D:8      | Killed Rationalist's ghost
  7104 | D:8      | Reached skill level 1 in Shields
  7104 | D:8      | Reached skill level 10 in Spellcasting
  7126 | D:8      | Found a hazy altar of Hepliaklqana.
  7185 | D:8      | Found a staircase to the Lair.
  7256 | D:8      | Killed Joseph
  7256 | D:8      | Reached XP level 9. HP: 48/48 MP: 14/25
  7524 | D:8      | Reached **** piety under Vehumet
  7691 | D:8      | Found a bloodstained altar of Trog.
  7858 | D:8      | Upgraded the game from 0.19-a0-1626-g5215c36 to 0.19-a0-1637-gfc13266
  8097 | D:9      | Offered knowledge of Mephitic Cloud by Vehumet.
  8457 | D:9      | Reached skill level 5 in Fire Magic
  8468 | D:9      | Found a staircase to the Orcish Mines.
  8489 | D:9      | Reached skill level 5 in Dodging
  8541 | Orc:1    | Entered Level 1 of the Orcish Mines
  8541 | Orc:1    | Found Carry's Assorted Antiques.
  8669 | Orc:2    | Entered Level 2 of the Orcish Mines
  8701 | Orc:2    | Found a staircase to the Elven Halls.
  8738 | Orc:2    | Reached skill level 11 in Spellcasting
  8860 | Orc:2    | Reached ***** piety under Vehumet
  8919 | Orc:2    | Noticed a troll
  8928 | Orc:2    | Killed a troll
  8942 | Orc:2    | Offered knowledge of Spellforged Servitor by Vehumet.
  8951 | Orc:2    | Learned a level 7 spell: Spellforged Servitor
  8986 | Orc:2    | Found a roughly hewn altar of Beogh.
  9047 | Orc:2    | Found a roughly hewn altar of Beogh.
  9051 | Orc:2    | Reached XP level 10. HP: 54/54 MP: 17/27
  9086 | Orc:2    | Found a roughly hewn altar of Beogh.
  9116 | Orc:2    | Found Jodiox's Assorted Antiques.
  9246 | Orc:2    | Noticed an orc sorcerer
  9268 | Orc:2    | Killed an orc sorcerer
  9282 | Orc:2    | Reached skill level 5 in Air Magic
  9484 | Orc:2    | Noticed an orc sorcerer
  9502 | Orc:2    | Killed an orc sorcerer
  9790 | Orc:2    | Noticed Saint Roka
 10162 | D:9      | Found Sefetuiw's Food Boutique.
 10296 | Lair:1   | Entered Level 1 of the Lair of Beasts
 10443 | Lair:1   | Noticed a spiny frog
 10449 | Lair:1   | Killed a spiny frog
 10449 | Lair:1   | Reached skill level 12 in Spellcasting
 10590 | Lair:1   | Got a polished helmet
 10591 | Lair:1   | Identified the cursed -2 helmet of Protective Custody {Dex+3} (You found it on level 1 of the Lair of Beasts)
 11254 | Lair:2   | Noticed a spiny frog
 11259 | Lair:2   | Killed a spiny frog
 11672 | Lair:2   | Noticed a spiny frog
 11680 | Lair:2   | Killed a spiny frog
 11874 | Lair:2   | Offered knowledge of Iskenderun's Mystic Blast by Vehumet.
 12314 | Lair:2   | Reached XP level 11. HP: 52/60 MP: 19/29
 12767 | Lair:3   | Noticed Harold
 12959 | Lair:3   | Identified a +0 rod of inaccuracy (10/10) (You found it on level 3 of the Lair of Beasts)
 13164 | Lair:3   | Found a staircase to the Swamp.
 13234 | Lair:3   | Noticed a death yak
 13235 | Lair:3   | Noticed a death yak
 13250 | Lair:3   | Noticed a death yak
 13252 | Lair:3   | Killed a death yak
 13260 | Lair:3   | Killed a death yak
 13270 | Lair:3   | Killed a death yak
 13652 | Lair:3   | Killed Harold
 14067 | Lair:3   | Found a sparkling altar of Nemelex Xobeh.
 14236 | Lair:4   | Noticed a catoblepas
 14244 | Lair:4   | Killed a catoblepas
 14244 | Lair:4   | Reached skill level 13 in Spellcasting
 14326 | Lair:4   | Noticed an eight-headed hydra
 14333 | Lair:4   | Killed an eight-headed hydra
 14654 | Lair:4   | Noticed an orb spider
 14761 | Lair:4   | Found a hole to the Spider Nest.
 14766 | Lair:4   | Killed an orb spider
 14935 | Lair:5   | Noticed a seven-headed hydra
 15186 | Lair:5   | Reached skill level 5 in Staves
 15206 | Lair:5   | Killed a seven-headed hydra
 15274 | Lair:5   | Noticed a six-headed hydra
 15292 | Lair:5   | Killed a six-headed hydra
 15317 | Lair:5   | Noticed an eight-headed hydra
 15329 | Lair:5   | Killed an eight-headed hydra
 15434 | Lair:5   | Noticed a death yak
 15441 | Lair:5   | Noticed a death yak
 15442 | Lair:5   | Noticed a death yak
 15443 | Lair:5   | Noticed a death yak
 15447 | Lair:5   | Killed a death yak
 15459 | Lair:5   | Noticed a death yak
 15462 | Lair:5   | Killed a death yak
 15464 | Lair:5   | Killed a death yak
 15485 | Lair:5   | Killed a death yak
 15489 | Lair:5   | Killed a death yak
 15778 | Lair:5   | Found a viscous altar of Jiyva.
 15779 | Lair:5   | Found a staircase to the Slime Pits.
 15798 | Lair:5   | Reached XP level 12. HP: 67/67 MP: 28/31
 16207 | Lair:6   | Entered Level 6 of the Lair of Beasts
 16341 | Lair:6   | Offered knowledge of Venom Bolt by Vehumet.
 16854 | Lair:6   | Reached skill level 5 in Fighting
 16918 | Lair:6   | Reached skill level 14 in Spellcasting
 17386 | Lair:6   | Reached skill level 5 in Shields
 17876 | Lair:6   | Upgraded the game from 0.19-a0-1637-gfc13266 to 0.19-a0-1654-g9d3f708
 17883 | Lair:6   | Learned a level 6 spell: Shadow Creatures
 17887 | Lair:6   | Learned a level 3 spell: Recall
 18154 | Orc:1    | Bought a paperback book for 390 gold pieces
 18154 | Orc:1    | Bought a scroll labeled FECSOCOTRA for 26 gold pieces
 18154 | Orc:1    | Bought a scroll labeled CUEXZE WONESH for 26 gold pieces
 18154 | Orc:1    | Bought a scroll labeled REINIRHAGA for 26 gold pieces
 18154 | Orc:1    | Bought a scroll labeled REINIRHAGA for 26 gold pieces
 18161 | Orc:1    | Learned a level 3 spell: Mephitic Cloud
 18166 | Orc:1    | Learned a level 4 spell: Summon Ice Beast
 18351 | Orc:1    | Found a bloodstained altar of Trog.
 18636 | Orc:2    | Found a roughly hewn altar of Beogh.
 18639 | Orc:2    | Found Ommoh's Food Boutique.
 18842 | Elf:1    | Entered Level 1 of the Elven Halls
 18855 | Elf:1    | Killed from afar by a deep elf mage

Vault maps used:
D:1:      erik_arrival_cave_to_civilisation, minivault_5, minmay_statues_item
D:2:      xom_redecorated
D:3:      grunt_decor_fettered, cheibriados_altar_wand_db, uniq_sigmund,
          uniq_robin, uniq_terence
D:4:      uniq_blork_the_orc, uniq_pikel, uniq_natasha
D:5:      elyvilon_altar_1, kennysheep_mini, serial_shops, nicolae_shop_crystal,
          shop_fountains, shop, shop, first_bread, trog_wizard
D:7:      grunt_temple_overflow_open, kennysheep_diamond, minmay_misc_feat_rows,
          grunt_ogre_cave, nicolae_gozag_seed_capital
D:8:      dpeg_oklobed_lair, hangedman_feature_mirror, uniq_joseph
D:9:      erik_orc_2, serial_shops, shop
Temple:   compressed_dpeg_circular_temple
Lair:1:   hibernation_bobbens, lemuel_fruit_tree
Lair:2:   grunt_megastairs_3
Lair:3:   nicolae_swamp_entry_splash_gauntlet, basic_altar, grunt_megastairs_1,
          uniq_harold
Lair:4:   nicolae_spider_entry_orb_guardian
Lair:5:   slime_altar_1, grunt_forest_stairs_basic, minmay_stone_trees_medium
Lair:6:   minmay_lair_end_enchanted_forest
Orc:1:    serial_shops, shop_statue, basic_altar
Orc:2:    grunt_orc_community_town_hall, grunt_orc_community_big_house_2,
          grunt_orc_community_big_house_1, grunt_orc_community_house_3,
          grunt_orc_community_house_1, grunt_orc_community_house_1,
          grunt_orc_community_house_1, grunt_orc_community_house_3
Elf:1:    nicolae_trove_entry_diagonal, minmay_elf_annihilation

Skill      XL: |  1  2  3  4  5  6  7  8  9 10 11 12 |
---------------+-------------------------------------+-----
Spellcasting   | 4 5 6 7 9 10 11 12 13 14 | 14.5
Summonings     | 5 6 7 8 9 |  9.7
Air Magic      | 1 2 3 4 5 6 7 |  7.6
Fire Magic     | 2 3 4 5 6 7 8 |  8.1
Fighting       | 1 2 3 4 5 |  5.3
Dodging        | 4 5 6 7 8 |  8.3
Staves         | 1 3 4 5 6 |  6.2
Shields        | 1 2 3 4 5 |  5.0
Stealth        | |  2.4
Conjurations   | |  0.4

Action                   |  1- 3 |  4- 6 |  7- 9 | 10-12 || total
-------------------------+-------+-------+-------+-------++-------
Melee: Unarmed           |    28 |    11 |       |       ||    39
       Staff             |       |       |       |     3 ||     3
 Cast: Summon Small Mamm |    39 |       |     3 |     4 ||    46
       Call Imp          |     9 |    36 |    86 |    88 ||   219
       Call Canine Famil |       |    14 |    46 |    78 ||   138
       Summon Guardian G |       |    10 |    24 |    83 ||   117
       Summon Lightning  |       |       |    30 |   111 ||   141
       Summon Ice Beast  |       |       |       |    18 ||    18
  Use: Scroll            |       |       |     1 |    17 ||    18
 Stab: Distracted        |       |       |       |     1 ||     1
  Eat: Chunk             |     2 |     6 |    15 |    29 ||    52
       Royal jelly       |       |       |     1 |       ||     1
Armor: Robe              |    11 |    10 |     6 |    20 ||    47
Dodge: Dodged            |    30 |    17 |    32 |    86 ||   165
